 Dungeon Crawl Stone Soup version 0.30-b1-2-g02819fbbbe (webtiles) character file.

Game seed: 3054807484256268091

26 LLlMATKO the Chopper (level 2, -1/27 HPs)
             Began as a Minotaur Berserker on Nov 30, 2023.
             Was a Follower of Trog.
             Succumbed to a kobold's poison
             ... on level 2 of the Dungeon.
             The game lasted 00:00:38 (1099 turns).

LLlMATKO the Chopper (Minotaur Berserker)           Turns: 1099, Time: 00:00:39

Health: -1/27      AC:  6    Str: 21    XL:     2   Next: 89%
Magic:  1/1        EV: 10    Int:  4    God:    Trog [*.....]
Gold:   47         SH:  0    Dex:  9    Spells: 1/1 levels left

rFire   . . .        a - +0 hand axe
rCold   . . .        (no shield)
rNeg    . . .        h - +0 scale mail
rPois   .            (helmet restricted)
rElec   .            (no cloak)
rCorr   .            (no gloves)
SInv    .            (no boots)
Will    .....        (no amulet) Stlth
                     (no ring)
HPRegen 0.24/turn    (no ring)
MPRegen 0.07/turn

%: no passive effects
@: lethally poisoned (-1 -> -11), on berserk cooldown, slowed, very slow
A: horns 2, retaliatory headbutt
a: Renounce Religion, Berserk


You were on level 2 of the Dungeon.
You worshipped Trog.
Trog was aware of your devotion.
You visited 1 branch of the dungeon, and saw 2 of its levels.

You collected 47 gold pieces.

Inventory:

Hand Weapons
 a - a +0 hand axe (weapon)
Armour
 h - a +0 scale mail (worn)
Scrolls
 b - a scroll of brand weapon {unknown}
 d - 2 scrolls of silence {unknown}
 e - a scroll of fog {unknown}
 f - a scroll of vulnerability {unknown}
 i - 2 scrolls of teleportation {unknown}
 j - a scroll of identify {unknown}
 m - a scroll of blinking {unknown}
Potions
 c - a potion of berserk rage {unknown}
 g - a potion of resistance {unknown}
 k - a potion of attraction {unknown}
 l - a potion of curing {unknown}


   Skills:
 + Level 4.0 Fighting
 + Level 4.0 Axes
 + Level 3.0 Armour
 + Level 2.6 Dodging


You had one spell level left.
You didn't know any spells.
Your spell library was empty.

Dungeon Overview and Level Annotations

Branches:
Dungeon (2/15)

Altars:


Innate Abilities, Weirdness & Mutations

You have a pair of horns on your head.
You reflexively headbutt those who attack you in melee.


Message History

You are too injured to fight recklessly!
A red film seems to cover your vision as you go berserk!
You feel yourself moving faster!
You feel mighty!
You feel very sick.
The ball python hisses angrily.
The kobold hits you with a +0 whip of venom.
You are lethally poisoned!
You miss the kobold.
You feel very sick.
The kobold hits you with a +0 whip of venom.
You slash the kobold!
You kill the kobold!
Trog accepts your kill.
* * * LOW HITPOINT WARNING * * *
You feel very sick.
You slice the ball python!!
You kill the ball python!
Trog accepts your kill.
* * * LOW HITPOINT WARNING * * *
You feel very sick.
* * * LOW HITPOINT WARNING * * *
You feel sick.
Things that are here:
a +0 whip of venom; a ball python corpse; a kobold corpse
There is a lethal amount of poison in your body!
There is a lethal amount of poison in your body!
Calm down first, please.
Calm down first, please.
You are too berserk!
There is a lethal amount of poison in your body!
There is a lethal amount of poison in your body!
You feel a strong urge to attack something.
* * * LOW HITPOINT WARNING * * *
You feel sick.
* * * LOW HITPOINT WARNING * * *
You feel sick.
You feel your anger nearly subside.
You are no longer berserk.
You are exhausted.
You feel yourself slow down.
You die...

### ..# #.# #.#
#####.###########
#................
#.###.###.######
#.###.###.##...##
#.:...@...#.....#
#####.######...##
#. ##.## .. #.#
##. #.# #. ##'##
#. #.##...## ..
#.#....:##
#........##


There were no monsters in sight!

Vanquished Creatures
  A worm (D:2)
  2 dart slugs (D:1)
  4 bats
  An endoplasm (D:1)
  A giant cockroach (D:1)
  2 goblins (D:1)
  A hobgoblin (D:1)
  4 kobolds
  2 ball pythons
18 creatures vanquished.

Notes
Turn   | Place    | Note
-------+----------+-------------------------------------------
     0 | D:1      | LLlMATKO the Minotaur Berserker began the quest for the
                  | Orb.
     0 | D:1      | Reached XP level 1. HP: 19/19 MP: 0/0
   295 | D:1      | Reached XP level 2. HP: 27/27 MP: 1/1
   536 | D:1      | You fall into a shaft and drop 1 floor!
   552 | D:2      | Found a faded altar of an unknown god.
   635 | D:2      | Identified the +0 leather armour of Myowe {Drain rElec
                  | rCorr Str+3}
  1098 | D:2      | HP: 2/40 [poisoned by a kobold]
  1099 | D:2      | Succumbed to a kobold's poison

Illustrated notes

Levels and vault maps discovered:
D:1:      dpeg_arrival_orchard, layout_basic, st_stairs_6
D:2:      layout_loops_corners, shapermc_ecumenical_altar_ellora,
          kennysheep_generic_room_5, uniq_crazy_yiuf_cottage

Skill      XL: |  1  2 |
---------------+-------+-----
Axes           | 4 |  4.0
Fighting       | 4 |  4.0
Armour         | 3 |  3.0
Dodging        | |  2.6

Action                     || total
---------------------------++-------
  Melee: Hand axe          ||    33
         Headbutt          ||     5
 Invoke: Berserk           ||     1
 Armour: Scale mail        ||    16
  Dodge: Dodged            ||    17
